 Dungeon Sprint DCSS version 0.21.1-1-g345015f (webtiles) character file.

1883 equalderp2856 the Protected (level 8, -1/85 HPs)
             Began as a Minotaur Fighter on May 22, 2018.
             Was an Initiate of Gozag.
             Slain by a deep troll (11 damage)
             ... in the Dungeon (Sprint I: "Red Sonja").
             The game lasted 00:01:46 (890 turns).

equalderp2856 the Protected (Minotaur Fighter)       Turns: 890, Time: 00:01:48

Health: -1/85      AC:  9    Str: 21    XL:     8   Next: 92%
Magic:  7/7        EV: 10    Int:  5    God:    Gozag
Gold:   693        SH: 13    Dex: 12    Spells: 7/7 levels left

rFire    . . .     SeeInvis .   a - +0 war axe
rCold    . . .     Gourm    .   c - +0 shield
rNeg     . . .     Faith    .   b - +0 scale mail
rPois    .         Spirit   .   (helmet restricted)
rElec    .         Reflect  .   (no cloak)
rCorr    .         Harm     .   (no gloves)
MR       .....     NoTele   +   (no boots)
Stlth    ..........             (no amulet)
HPRegen  0.24/turn              (no ring)
MPRegen  0.10/turn              (no ring)

@: hasted, very quick
A: retaliatory headbutt, horns 2
a: Potion Petition, Call Merchant, Bribe Branch, Renounce Religion


You were in the Dungeon.
You worshipped Gozag.
Gozag was pleased with you.
You were not hungry.

You visited 1 branch You collected 693 gold pieces.

Inventory:

Hand Weapons
 a - a +0 war axe (weapon)
Armour
 b - a +0 scale mail (worn)
 c - a +0 shield (worn)
Wands
 l - a wand of random effects (17)
Scrolls
 k - a scroll of blinking
Potions
 d - a potion of might
 i - 2 potions of magic
 m - a potion of ambrosia {unknown}
Comestibles
 f - 2 rations


   Skills:
 + Level 12.7 Fighting
 + Level 10.8 Axes
 + Level 13.0 Armour
 + Level 0.9 Dodging
 + Level 12.1 Shields


You had 7 spell levels left.
You didn't know any spells.

Dungeon Overview and Level Annotations

Branches:
Dungeon (1/1)

Altars:
Cheibriados
Dithmenos
Elyvilon
Fedhas
Gozag
Hepliaklqana
Kikubaaqudgha
Makhleb
Nemelex Xobeh
Okawaru
Qazlal
Ru
Sif Muna
Trog
Uskayaw
Vehumet
Wu Jian
Xom
Yredelemnul
Zin
The Shining One
Jiyva
Lugonu

Shops:
D *


Innate Abilities, Weirdness & Mutations

You reflexively headbutt those who attack you in melee.
You have a pair of horns on your head.


Message History

The deep troll claws you but does no damage. x2
There is an open door, spattered with blood here.
Evoke which item? (* to show all) (? for menu, Esc to quit)
Aiming: Random Effects
Press: ? - help, Shift-Dir - straight line, f - deep troll
Aim: a deep troll (lightly wounded)
The deep troll easily resists.
You slash the deep troll!
You headbutt the deep troll, but do no damage.
The deep troll is moderately wounded.
You block the deep troll's attack. x2; The deep troll barely misses you.
You closely miss the deep troll.
The deep troll is moderately wounded.
You barely miss the deep troll. Your headbutt misses the deep troll.
The deep troll is moderately wounded.
The deep troll bites you!
* * * LOW HITPOINT WARNING * * *
You block the deep troll's attack. The deep troll claws you!
You die...
Your body crumbles into a pile of gold.

###################
#<.#..').#..'..#__#$$ $
$ #..'[.#..').#..(..+$$
$ #..#####'#####@#__# #
$ #..####..#...#T####§§
$ #..#__####..##§#≈§§§c
$$
#..#_____##'#_§§§§§§§§
#⌠⌠#_.∩...'..._#§≈≈.§#$$
####_..__##_.#'##§####
$$#_____###'#.# $)$ $
####### #.### T### $ $ $
$$.$$


You could see a deep troll.

Vanquished Creatures
  2 centaur warriors (D)
  A slime creature (D)
  A yak (D)
  Sigmund (D)
  An ogre (D)
  A jelly (D)
  Ijyb (D)
8 creatures vanquished.

Vanquished Creatures (others)
  A gargoyle (D)
1 creature vanquished.

Grand Total: 9 creatures vanquished

Notes
Turn   | Place    | Note
-------+----------+-------------------------------------------
     0 | D        | equalderp2856 the Minotaur Fighter began the quest for the Orb.
     0 | D        | Reached XP level 1. HP: 19/19 MP: 0/0
     1 | D        | Noticed Ijyb
     4 | D        | Killed Ijyb
     4 | D        | Reached skill level 5 in Fighting
     4 | D        | Reached skill level 5 in Armour
     4 | D        | Reached skill level 5 in Shields
     4 | D        | Reached XP level 2. HP: 29/29 MP: 1/1
     9 | D        | Noticed an ogre
    14 | D        | Killed an ogre
    14 | D        | Reached skill level 7 in Armour
    14 | D        | Reached XP level 3. HP: 20/38 MP: 2/2
    14 | D        | Reached XP level 4. HP: 23/45 MP: 3/3
   164 | D        | Noticed Sigmund
   171 | D        | Killed Sigmund
   171 | D        | Reached skill level 5 in Axes
   171 | D        | Reached skill level 8 in Armour
   171 | D        | Reached XP level 5. HP: 52/56 MP: 4/4
   205 | D        | Found an ornate altar of the Wu Jian Council.
   205 | D        | Found a deep blue altar of Sif Muna.
   207 | D        | Found a radiant altar of Vehumet.
   208 | D        | Reached skill level 9 in Armour
   208 | D        | Reached XP level 6. HP: 58/63 MP: 5/5
   262 | D        | Found Nyffejipn's General Store.
   262 | D        | Found an ancient bone altar of Kikubaaqudgha.
   262 | D        | Found a hazy altar of Hepliaklqana.
   262 | D        | Found a stormy altar of Qazlal.
   262 | D        | Found a hide-covered altar of Uskayaw.
   262 | D        | Found a blossoming altar of Fedhas.
   262 | D        | Found a bloodstained altar of Trog.
   262 | D        | Found an iron altar of Okawaru.
   262 | D        | Found a basalt altar of Yredelemnul.
   262 | D        | Found a glowing golden altar of the Shining One.
   262 | D        | Found a snail-covered altar of Cheibriados.
   262 | D        | Found a sacrificial altar of Ru.
   262 | D        | Found a glowing silver altar of Zin.
   262 | D        | Found a shadowy altar of Dithmenos.
   262 | D        | Found a white marble altar of Elyvilon.
   262 | D        | Noticed a yak
   268 | D        | Killed a yak
   268 | D        | Reached skill level 10 in Armour
   269 | D        | Found an opulent altar of Gozag.
   270 | D        | Found a sparkling altar of Nemelex Xobeh.
   287 | D        | Became a worshipper of Gozag Ym Sagoz the Greedy
   302 | D        | Found a burning altar of Makhleb.
   302 | D        | Found a viscous altar of Jiyva.
   302 | D        | Found a shimmering altar of Xom.
   302 | D        | Found a corrupted altar of Lugonu.
   302 | D        | Noticed a slime creature
   307 | D        | Killed a slime creature
   307 | D        | Reached skill level 10 in Fighting
   307 | D        | Reached skill level 10 in Shields
   307 | D        | Reached XP level 7. HP: 55/73 MP: 6/6
   394 | D        | Noticed a centaur warrior
   394 | D        | Noticed a centaur warrior
   519 | D        | Killed a centaur warrior
   519 | D        | Reached skill level 12 in Armour
   519 | D        | Reached XP level 8. HP: 27/83 MP: 7/7
   530 | D        | HP: 1/124 [centaur warrior (12)]
   533 | D        | Killed a centaur warrior
   533 | D        | Reached skill level 10 in Axes
   533 | D        | Reached skill level 13 in Armour
   766 | D        | Killed a gargoyle
   871 | D        | Noticed a deep troll
   890 | D        | Slain by a deep troll

Skill      XL: |  1  2  3  4  5  6  7  8 |
---------------+-------------------------+-----
Fighting       | 5 6 8 9 10 11 12 | 12.7
Axes           | 3 4 5 7 9 10 | 10.8
Armour         | 5 7 8 9 10 12 13 | 13.0
Shields        | 5 7 8 9 10 11 12 | 12.1
Dodging        | |  0.9

Action                   |  1- 3 |  4- 6 |  7- 9 || total
-------------------------+-------+-------+-------++-------
Melee: War axe           |     6 |    18 |    25 ||    49
       Headbutt          |     1 |    10 |     6 ||    17
Evoke: Wand              |       |       |     2 ||     2
  Use: Potion            |       |       |     4 ||     4
Armor: Scale mail        |     1 |     2 |     7 ||    10
Dodge: Dodged            |     1 |     5 |     8 ||    14
Block: Shield            |     2 |     4 |    14 ||    20
